 Dungeon Crawl Stone Soup version 0.20.0-15-g7f486f2 (webtiles) character file.

135 Trampli the Firebug (level 5, -1/28 HPs)
             Began as a Gargoyle Fire Elementalist on June 26, 2017.
             Slain by a worker ant (4 damage)
             ... on level 4 of the Dungeon.
             The game lasted 00:13:05 (3197 turns).

Trampli the Firebug (Gargoyle Fire Elementalist)    Turns: 3197, Time: 00:13:06

Health: -1/28      AC:  9    Str:  8 (11) XL:     5   Next: 18%
Magic:  3/9        EV: 12    Int: 14 (17) God:
Gold:   172        SH:  0    Dex:  8 (10) Spells: 4/10 levels left

rFire    . . .     SeeInvis .   (no weapon)
rCold    . . .     Gourm    .   (no shield)
rNeg     + . .     Faith    .   a - +0 robe
rPois    ∞         Spirit   .   (no helmet)
rElec    +         Reflect  .   l - +2 cloak {+Inv}
rCorr    .         Harm     .   (no gloves)
MR       .....                  (no boots)
Stlth    ++........             (no amulet)
Regen    0.1/turn               (no ring)
MPRegen  0.2/turn               (no ring)

@: very slightly contaminated
A: negative energy resistance 1, electricity resistance, unbreathing,
petrification resistance, rot immunity, AC +4
a: Evoke Invisibility


You were on level 4 of the Dungeon.
You were very hungry.

You visited 1 branch of the dungeon, and saw 4 of its levels.

You collected 172 gold pieces.

Inventory:

Armour
 a - a +0 robe (worn)
 l - a +2 cloak of invisibility (worn)
Potions
 f - a potion of haste {unknown}
 i - a potion of ambrosia {unknown}
 n - 2 potions of cancellation
Books
 b - a book of Flames

   Spells                             Type                      Level
   a - Flame Tongue                   Conjuration/Fire             1
   b - Throw Flame                    Conjuration/Fire             2
   c - Conjure Flame                  Conjuration/Fire             3
   d - Inner Flame                    Hexes/Fire                   3
   e - Sticky Flame                   Conjuration/Fire             4
   f - Fireball                       Conjuration/Fire             5
Comestibles
 c - 2 bread rations
 g - 2 royal jellies
 k - a meat ration


   Skills:
 + Level 0.2 Fighting
 + Level 1.9 Dodging
 + Level 2.5 Stealth
 + Level 3.2 Spellcasting
 + Level 2.6 Conjurations
 + Level 3.8 Fire Magic


You had 4 spell levels left.
You knew the following spells:

 Your Spells              Type           Power        Failure   Level  Hunger
a - Flame Tongue          Conj/Fire      ##...        5%          1    #......
b - Conjure Flame         Conj/Fire      ##......     17%         3    ###....
c - Throw Flame           Conj/Fire      ##....       9%          2    ##.....


Dungeon Overview and Level Annotations

Branches:
Dungeon (4/15)
 Temple: D:4-7

Altars:
Hepliaklqana
Zin

Annotations:
D:1 Terence


Innate Abilities, Weirdness & Mutations

You are resistant to torment.
Your stone body is resilient. (AC +4)
You are immune to poison.
You resist negative energy. (rN+)
You are resistant to electric shocks. (rElec)
You can survive without breathing.
You are immune to petrification.
You are immune to rotting.


Message History

The worker ant is heavily wounded.
The worker ant bites you but does no damage. x2
You closely miss the worker ant.
The worker ant is heavily wounded.
The worker ant bites you.
* * * LOW HITPOINT WARNING * * *
You are feeling very hungry.
You barely miss the worker ant.
The worker ant is heavily wounded.
The worker ant misses you.
You hit the worker ant.
The worker ant is severely wounded.
The worker ant barely misses you.
You barely miss the worker ant.
The worker ant is severely wounded.
The worker ant closely misses you.
You hit the worker ant but do no damage.
The worker ant is severely wounded.
The worker ant barely misses you. The worker ant bites you.
You die...

######
#....#..
##.#.#.#
######.#.#.#
#....#a#.#.#
#.##.#@#.#.#
#.##.#.#.#.#
#.##.#.#.#.##
#.##.#.#....#
#.##.#.#....#
#.##.#.#....#
#.##.#.#....#
#.##.#.#.....
#.##.#.#.....#


You could see a worker ant.

Vanquished Creatures
  Crazy Yiuf (D:2)
  A gnoll (D:1)
  5 adders
  2 dart slugs
  4 orcs (D:3)
  8 bats
  2 giant cockroaches
  5 goblins
  4 hobgoblins (D:1)
  5 kobolds
  2 quokkas
  A frilled lizard (D:1)
  6 rats
46 creatures vanquished.

Notes
Turn   | Place    | Note
-------+----------+-------------------------------------------
     0 | D:1      | Trampli the Gargoyle Fire Elementalist began the quest for the Orb.
     0 | D:1      | Reached XP level 1. HP: 10/10 MP: 3/3
   327 | D:1      | Reached XP level 2. HP: 15/15 MP: 1/5
   637 | D:1      | Reached XP level 3. HP: 14/19 MP: 0/6
  1255 | D:2      | Noticed Terence
  1666 | D:2      | Reached XP level 4. HP: 23/24 MP: 5/8
  1914 | D:2      | Found a runed door.
  1971 | D:2      | Learned a level 3 spell: Conjure Flame
  1974 | D:2      | Learned a level 2 spell: Throw Flame
  2009 | D:2      | Noticed Crazy Yiuf
  2034 | D:2      | Killed Crazy Yiuf
  2723 | D:3      | Found a hazy altar of Hepliaklqana.
  2723 | D:3      | Found a glowing silver altar of Zin.
  2790 | D:3      | Reached XP level 5. HP: 28/28 MP: 1/9
  3197 | D:4      | Slain by a worker ant

Skill      XL: |  1  2  3  4 |
---------------+-------------+-----
Spellcasting   | 3 |  3.2
Conjurations   | 2 |  2.6
Fighting       | |  0.2
Dodging        | |  1.9
Stealth        | |  2.5
Fire Magic     | |  3.8

Action                   |  1- 3 |  4- 6 || total
-------------------------+-------+-------++-------
Melee: Unarmed           |     1 |    14 ||    15
 Cast: Flame Tongue      |    59 |    47 ||   106
       Throw Flame       |       |    20 ||    20
       Conjure Flame     |       |     1 ||     1
  Use: Scroll            |       |     9 ||     9
       Potion            |       |     5 ||     5
  Eat: Chunk             |     1 |     3 ||     4
       Royal jelly       |     1 |     1 ||     2
Armor: Robe              |    27 |    27 ||    54
Dodge: Dodged            |    39 |    55 ||    94
